 Dungeon Crawl Stone Soup version 0.29-a0-483-g69413ace17 (webtiles) character file.

Game seed: 4447699636950023187

147 oldark the Cudgeller (level 5, -1/49 HPs)
             Began as a Deep Dwarf Monk on May 25, 2022.
             Slain by a gnoll
             ... wielding a +0 halberd
              (4 damage)
             ... on level 3 of the Dungeon.
             The game lasted 00:07:27 (1544 turns).

oldark the Cudgeller (Deep Dwarf Monk)              Turns: 1544, Time: 00:07:28

Health: -1/49      AC:  7    Str: 17      XL:     5   Next: 7%
Magic:  13/13 (4)  EV: 11    Int:  8 (10) God:
Gold:   117        SH:  0    Dex: 13 (15) Spells: 4/4 levels left

rFire   . . .      SeeInvis .   a - +0 mace
rCold   . . .      Faith    .   (no shield)
rNeg    . . .      Spirit   .   h - +0 ring mail
rPois   .          Reflect  .   (no helmet)
rElec   .          Harm     .   d - scarf {repulsion}
rCorr   .          Rampage  .   i - +0 pair of gloves
Will    .....      Clarity  +   q - +0 pair of boots
Stlth   +.........              (no amulet)
HPRegen 0.00/turn               b - ring of magical power
MPRegen 0.13/turn               (no ring)

@: repel missiles, unable to read
A: damage resistance, heal wounds, sense surroundings 1, no regeneration,
clarity, inability to read while threatened
a: Heal Wounds


You were on level 3 of the Dungeon.
You visited 1 branch of the dungeon, and saw 3 of its levels.

You collected 117 gold pieces.

Inventory:

Hand Weapons
 a - a +0 mace (weapon)
Armour
 d - a scarf of repulsion (worn)
 h - a +0 ring mail (worn)
 i - a +0 pair of gloves (worn)
 q - a +0 pair of boots (worn)
Jewellery
 b - a ring of magical power (left hand)
Wands
 j - a wand of charming (9)
Scrolls
 f - a scroll of brand weapon {unknown}
 k - a scroll of enchant armour {unknown}
 l - 2 scrolls of fear {unknown}
 m - a scroll of poison {unknown}
 n - a scroll of blinking {unknown}
 o - a scroll of noise {unknown}
 p - a scroll of magic mapping {unknown}
Potions
 c - 2 potions of ambrosia
 e - a potion of experience {unknown}
 g - a potion of brilliance {unknown}


   Skills:
 + Level 3.5 Fighting
 * Level 4.6 Maces & Flails
 + Level 2.3 Armour
 - Level 3.2 Dodging
 - Level 2.4 Stealth


You had 4 spell levels left.
You didn't know any spells.
Your spell library contained the following spells:

 Spells                   Type           Power      Damage    Failure   Level
 Magic Dart               Conj           0%         1d3       61%         1
 Call Imp                 Summ           0%         N/A       75%         2
 Mephitic Cloud           Conj/Pois/Air  0%         N/A       93%         3
 Ozocubu's Armour         Ice            0%         N/A       93%         3
 Metabolic Englaciation   Hex/Ice        0%         N/A       100%        5
 Simulacrum               Ice/Necr       0%         N/A       100%        6


Dungeon Overview and Level Annotations

Branches:
Dungeon (3/15)

Altars:
Dithmenos

Shops:
D:2 [


Innate Abilities, Weirdness & Mutations

You are resistant to damage.
You can heal yourself by infusing magical energy.
You passively map a small area around you.
You do not regenerate.
You possess an exceptional clarity of mind.
You sometimes lose the ability to read scrolls when taking damage.


Message History

2 gnolls come into view.
The gnoll shouts! x2; You hear a shout!
The gnoll barely misses you.
You hit the gnoll.
The gnoll is moderately wounded.
The gnoll misses you. The gnoll completely misses you.
You hit the gnoll.
The gnoll is severely wounded.
The gnoll misses you. The gnoll closely misses you.
A gnoll comes into view. It is wielding a +0 halberd.
You sock the gnoll!
You kill the gnoll!
The gnoll hits you from afar with a +0 spear.
You feel threatened and lose the ability to read scrolls!
The gnoll hits you from afar with a +0 halberd!
The gnoll hits you with a +0 spear.
Things that are here:
a +0 whip; a gnoll corpse You hit the gnoll.
The gnoll is lightly wounded.
The gnoll hits you with a +0 spear. The gnoll barely misses you.
You barely miss the gnoll. Your punch misses the gnoll.
The gnoll is lightly wounded.
The gnoll hits you with a +0 spear. The gnoll closely misses you.
You sock the gnoll! Your punch misses the gnoll.
The gnoll is severely wounded.
The gnoll hits you from afar with a +0 halberd!
* * * LOW HITPOINT WARNING * * *
The gnoll misses you. The gnoll closely misses you.
The gnoll barely misses you.
You barely miss the gnoll.
The gnoll is severely wounded.
The gnoll hits you from afar with a +0 halberd!
* * * LOW HITPOINT WARNING * * *
The gnoll hits you with a +0 spear.
* * * LOW HITPOINT WARNING * * *
You barely miss the gnoll.
The gnoll is severely wounded.
The gnoll hits you from afar with a +0 halberd.
You die...

##* ** * * * * .# ,, ,* ,
.# , * .# * * *,, , , *
.####* *,, , , , , ,
....#*, * * , , * , ....#
, ,, +
....##################..#
................@gg......
,, ,
##...#############.......
, , .....'....... ,
....... , ,
.....########* g###### *
** ............ .# *, ,,
....######## * *g.,,
######## ....# ..
**,#....... .#..## ..
#.###### ###..###########
, #.#.....


You could see 2 gnolls.

Vanquished Creatures
  Jessica (D:3)
  An orc wizard (D:2)
  A gnoll (D:3)
  3 adders
  2 worms (D:3)
  9 orcs
  6 ball pythons
  5 bats
  2 endoplasms
  A giant cockroach (D:1)
  5 hobgoblins
  4 jackals (D:2)
  A quokka (D:3)
  3 frilled lizards
  3 kobolds
  2 rats
49 creatures vanquished.

Vanquished Creatures (others)
  A fungus (D:3)
  A plant (D:3)
2 creatures vanquished.

Grand Total: 51 creatures vanquished

Notes
Turn   | Place    | Note
-------+----------+-------------------------------------------
     0 | D:1      | oldark the Deep Dwarf Monk began the quest for the Orb.
     0 | D:1      | Reached XP level 1. HP: 20/20 MP: 1/1
   208 | D:1      | Reached XP level 2. HP: 17/27 MP: 2/2
   234 | D:1      | You fall into a shaft and drop 1 floor!
   249 | D:2      | Reached skill level 1 in Armour
   640 | D:2      | Reached XP level 3. HP: 20/34 MP: 3/3
   727 | D:2      | Found Jucapp's Armour Shop.
   873 | D:2      | Reached skill level 4 in Maces & Flails
   876 | D:2      | Reached XP level 4. HP: 33/42 MP: 3/3
   989 | D:3      | Noticed Jessica
  1184 | D:3      | Found a faded altar of an unknown god.
  1231 | D:3      | Found a shadowy altar of Dithmenos.
  1238 | D:3      | Gained mutation: You sometimes lose the ability to read
                  | scrolls when taking damage. [potion of mutation]
  1238 | D:3      | Gained mutation: You possess an exceptional clarity of
                  | mind. [potion of mutation]
  1244 | D:3      | Killed Jessica
  1470 | D:3      | Reached XP level 5. HP: 30/49 MP: 4/4
  1544 | D:3      | Slain by a gnoll

Illustrated notes

Levels and vault maps discovered:
D:1:      minmay_arrival_plants_in_alcoves, layout_loops_cross
D:2:      layout_loops_cross, serial_shops, shop, chequers_serial_rivers_micro_c
D:3:      layout_basic, grunt_dithmenos_smoke_and_mirrors, portal_sewer_entry_e,
          shapermc_ecumenical_altar_hornbeckon,
          minmay_fractal_squares_gapless_5, uniq_sigmund, uniq_jessica

Skill      XL: |  1  2  3  4 |
---------------+-------------+-----
Armour         | 1 2 |  2.3
Fighting       | 3 |  3.5
Maces & Flails | 4 |  4.6
Dodging        | |  3.2
Stealth        | |  2.4

Action                   |  1- 3 |  4- 6 || total
-------------------------+-------+-------++-------
Melee: Mace              |    93 |   104 ||   197
       Punch             |       |     1 ||     1
 Abil: Heal Wounds       |     1 |     1 ||     2
  Use: Potion            |     1 |     4 ||     5
 Stab: Sleeping          |     5 |       ||     5
Armor: Robe              |    10 |       ||    10
       Ring mail         |    25 |    48 ||    73
Dodge: Dodged            |    58 |    98 ||   156

Table legend: (Time is in decaauts)
 A = Elapsed time spent in this place.
 B = Non-inter-level travel time spent in this place.
 C = Inter-level travel time spent in this place.
 D = Time resting spent in this place.
 E = Time spent auto-exploring this place.
 F = Levels seen in this place.
 G = Mean time per level.
                   A        B        C        D        E       F      G
               +--------+--------+--------+--------+--------+-----+--------+
         Total |   1598 |   1527 |     71 |      4 |    916 |   3 |  532.7 |
       Dungeon |   1598 |   1527 |     71 |      4 |    916 |   3 |  532.7 |
               +--------+--------+--------+--------+--------+-----+--------+

Top non-repeatable levels by time:
     D:2: 801 daAuts
     D:3: 556 daAuts
     D:1: 240 daAuts
